 Dungeon Crawl Stone Soup version 0.13-a0-2676-gd993d8a (webtiles) character file.

98 JacquesDerrida the Cudgeler (level 3, 0/26 HPs)
             Began as a Demonspawn Skald on Aug 12, 2013.
             Slain by a kobold
             ... wielding a +3,+1 orcish whip of draining
              (2 damage)
             ... on Level 2 of the Dungeon.
             The game lasted 00:01:41 (1606 turns).

JacquesDerrida the Cudgeler (Demonspawn Skald)      Turns: 1606, Time: 00:01:41

HP   0/26        AC  4     Str 12      XL: 3   Next: 33%
MP   6/6         EV 10     Int 14      God:
Gold 56          SH  0     Dex 12      Spells:  1 memorised,  5 levels left

Res.Fire  : . . .   See Invis. : .   a - +0 mace
Res.Cold  : . . .   Warding    : .   b - +0 leather armour
Life Prot.: . . .   Conserve   : .   (no shield)
Res.Poison: .       Res.Corr.  : .   (no helmet)
Res.Elec. : .       Clarity    : +   (no cloak)
Sust.Abil.: . .     Spirit.Shd : .   (no gloves)
Res.Mut.  : .       Stasis     : .   s - +0 pair of boots
Res.Rott. : .       Flight     : .   q - amulet of clarity {unknown}
Saprovore : . . .                    (no ring)
                                     (no ring)

@: drained, not resistant to hostile enchantments, very unstealthy
A: talons 1
a: no special abilities


You were on level 2 of the Dungeon.
You were hungry.

You visited 1 branch of the dungeon, and saw 2 of its levels.

You collected 36 gold pieces.

Inventory:

Hand weapons
 a - a +0,+0 mace (weapon)
Missiles
 i - 2 javelins (quivered)
Armour
 b - a +0 leather armour (worn)
 s - a +0 pair of boots (worn)
Comestibles
 d - 3 bread rations
 m - a banana
 p - a rotting chunk of hobgoblin flesh
 r - a meat ration
Scrolls
 f - a scroll of fear {unknown}
 g - 3 scrolls of recharging {unknown}
 h - 2 scrolls of noise {unknown}
 l - a scroll of teleportation {unknown}
 o - a scroll of fog {unknown}
Jewellery
 e - an uncursed ring of fire
 q - an amulet of clarity (around neck) {unknown}
Potions
 j - 2 potions of curing {unknown}
 k - a potion of mutation {unknown}
 n - a potion of flight {unknown}
Books
 c - a book of Battle

   Spells                             Type                      Level
   *Infusion                          Charms                       1
   Shroud of Golubria                 Charms/Translocation         2
   Song of Slaying                    Charms                       2
   Spectral Weapon                    Hexes/Charms                 3
   Regeneration                       Charms/Necromancy            3
   Song of Shielding                  Charms                       4


   Skills:
 - Level 2.0(1.4) Fighting
 + Level 3.4(2.7) Maces & Flails
 - Level 0.8(0.2) Armour
 - Level 0.8(0.2) Dodging
 - Level 2.0(1.4) Spellcasting
 - Level 2.6(2.0) Charms


You had 5 spell levels left.
You knew the following spells:

 Your Spells              Type           Power        Failure   Level  Hunger
a - Infusion              Chrm           #.....       14%         1    ##.....


Dungeon Overview and Level Annotations

Branches:
Dungeon (2/27)

Altars:
Ashenzari


Innate Abilities, Weirdness & Mutations

You have sharp toenails.


Message History

You feel drained.
There are monsters nearby!
You hit the kobold.
The kobold is severely wounded.
The giant newt barely misses you.
The kobold hits you with an orcish whip of draining.
* * * LOW HITPOINT WARNING * * *
You feel drained. The giant newt closely misses you.
There are monsters nearby!
You are too injured to fight recklessly!
There are monsters nearby!
You are too injured to fight recklessly!
There are monsters nearby!
You are too injured to fight recklessly!
You hit the kobold.
The kobold is almost dead.
The kobold hits you with an orcish whip of draining.
* * * LOW HITPOINT WARNING * * *
You feel drained.
You die...

########## .........#
.........##############
.........##...........#
.........##...........#
.........##..........$#
..>.............@K?...#
..........#......l....#
.).......###########+##
#'######## #..# ##.#
##'### #####+### .....#
#.......#
.....######......<#


You could see a kobold and a giant newt.

Vanquished Creatures
  2 ball pythons (D:2)
  5 bats (D:2)
  2 giant cockroaches (D:1)
  8 goblins
  10 hobgoblins
  4 kobolds
  A quokka (D:2)
  2 giant newts
  A rat (D:1)
35 creatures vanquished.

Notes
Turn   | Place    | Note
--------------------------------------------------------------
     0 | D:1      | JacquesDerrida, the Demonspawn Skald, began the quest for the Orb.
     0 | D:1      | Reached XP level 1. HP: 15/15 MP: 3/3
   381 | D:1      | Found a shattered altar of Ashenzari.
   447 | D:1      | Gained mutation: You have sharp toenails. [demonic ancestry]
   447 | D:1      | Reached XP level 2. HP: 19/21 MP: 5/5
   796 | D:2      | Reached skill level 3 in Maces & Flails
   937 | D:2      | Reached XP level 3. HP: 19/26 MP: 6/6
  1606 | D:2      | Slain by a kobold

Action                   || total
-------------------------++-------
Melee: Mace              ||   117
